 Dungeon Crawl Stone Soup version 0.18-a0-888-gdb73dea (webtiles) character file.

10516 Duffy the Cleaver (level 11, -1/89 HPs)
             Began as a Ghoul Fighter on Dec 23, 2015.
             Was a High Priest of Cheibriados.
             Slain by a troll (4 damage)
             ... on level 11 of the Dungeon.
             The game lasted 00:14:28 (11388 turns).

Duffy the Cleaver (Ghoul Fighter)                  Turns: 11388, Time: 00:14:28

Health: -1/89      AC: 11    Str: 36    XL:     11   Next: 63%
Magic:  23/23      EV: 12    Int: 19    God:    Cheibriados [*****.]
Gold:   571        SH:  0    Dex: 22    Spells: 0 memorised, 10 levels left

rFire  . . .     SeeInvis +     H - +0 battleaxe
rCold  + . .     Gourm    .     L - +1 plate armour
rNeg   + + +     Faith    +     (shield currently unavailable)
rPois  ∞         Spirit   .     (no helmet)
rElec  .         Dismiss  .     o - +0 cloak
rCorr  .         Reflect  .     (no gloves)
SustAt .         Harm     .     (no boots)
MR     .....                    I - amulet of faith
Stlth  ..........               i - ring of magical power
                                l - ring of see invisible

@: corroded equipment, rotting, very slow, not resistant to hostile
enchantments, extremely unstealthy
A: rotting body, claws 1, carnivore 3, cold resistance 1, negative energy
resistance 3, slow regeneration 1, torment resistance, unbreathing
a: Bend Time, Temporal Distortion, Slouch, Step From Time, Renounce Religion


You were on level 11 of the Dungeon.
You worshipped Cheibriados.
Cheibriados was extremely pleased with you.
You were not hungry.

You visited 2 branches of the dungeon, and saw 12 of its levels.

You collected 619 gold pieces.
You spent 48 gold pieces at shops.


Innate Abilities, Weirdness & Mutations

Your body is rotting away.
You thrive on raw meat.
You are immune to poison.
You have sharp fingernails.
You are carnivorous and can eat meat at any time.
Your flesh is cold resistant.
You are immune to negative energy.
You regenerate slowly when monsters are visible.
You are immune to unholy pain and torment.
You can survive without breathing.


   Skills:
 - Level 6.3 Fighting
 + Level 12.6 Axes
 - Level 7.5 Armour
 - Level 4.1 Dodging
   Level 2.6 Shields
 + Level 5.6 Invocations


You had 10 spell levels left.
You didn't know any spells.

Inventory:

Hand Weapons
 p - a +1 hand axe of flaming
 H - a +0 battleaxe (weapon)
Missiles
 w - 28 poisoned needles
 K - 4 curare-tipped needles
 N - 5 javelins (quivered)
Armour
 o - a +0 cloak (worn)
 L - a +1 plate armour (worn)
Jewellery
 i - a ring of magical power (right claw)
 l - a ring of see invisible (left claw)
 D - an uncursed ring of sustain attributes
 I - an amulet of faith (around neck)
Wands
 c - a wand of slowing (29/48)
 A - a wand of frost (35/48)
 Q - a wand of digging (8/24)
Scrolls
 g - 4 scrolls of teleportation
 h - a scroll of immolation {unknown}
 m - 2 scrolls of fog
 q - 2 scrolls of recharging
 r - 3 scrolls of remove curse
 t - 3 scrolls of enchant armour
 x - a scroll of fear {unknown}
 B - 2 scrolls of blinking
 C - a scroll of enchant weapon {unknown}
 G - a scroll of magic mapping
 M - a scroll of random uselessness {unknown}
 O - a scroll of vulnerability {unknown}
Potions
 d - 3 potions of might
 e - 6 potions of curing
 j - 2 potions of agility
 n - a potion of magic
 u - 2 potions of ambrosia
 v - 3 potions of heal wounds
 E - a potion of cancellation {unknown}
 J - a potion of invisibility {unknown}
 P - a potion of degeneration {unknown}
 R - a potion of haste {unknown}
Books
 F - a book of Conjurations
Comestibles
 a - a chunk of flesh
 f - 8 meat rations
 k - a royal jelly
 s - 7 slices of pizza
 z - 4 beef jerkies

Dungeon Overview and Level Annotations

Branches:
Dungeon (11/15)            Temple (1/1) D:6            Lair (0/8) D:9
    Orc (0/2) D:11

Altars:
Ashenzari
Cheibriados
Dithmenos
Elyvilon
Fedhas
Gozag
Kikubaaqudgha
Makhleb
Nemelex Xobeh
Okawaru
Pakellas
Qazlal
Ru
Sif Muna
Trog
Vehumet
Xom
Yredelemnul
Zin
The Shining One

Shops:
D:10 *


Message History

You slash the jelly! The acid corrodes you!
Your claws burn!
The jelly is severely wounded.
You closely miss the troll.
The troll is lightly wounded.
The jelly hits you but does no damage. The troll bites you.
The troll claws you! x2
You hit the jelly.
Your claws burn!
The jelly is severely wounded.
You slash the troll!
The troll is heavily wounded.
The jelly hits you but does no damage. The troll bites you.
The troll claws you but does no damage. The troll barely misses you.
You slash the jelly!
You kill the jelly!
Cheibriados appreciates the change of pace.
You hit the troll.
The troll is severely wounded.
The troll closely misses you. The troll claws you but does no damage.
The troll claws you.
You closely miss the troll.
The troll is severely wounded.
The troll bites you! The troll closely misses you. The troll claws you.
You are too injured to fight recklessly!
You hit the troll.
The troll is severely wounded.
The troll bites you. The troll claws you!
The troll claws you but does no damage.
You hit the troll.
The troll is severely wounded.
The troll bites you. The troll claws you but does no damage.
The troll barely misses you.
You hit the troll.
The troll is severely wounded.
The troll bites you! The troll misses you. The troll claws you.
You die...

,,,,,,,,,*,,,,,*,,,,*,,,,,**,,,*,
,,,,,,,,,**,,###....#,,,,,,,,,,*,
,,**+******,,#......#,,,,,,,,,,**
,,*,,* *,,,+...?..+,,,,,,,,,,**
,,*,,* *,,,#......######**,,,*,
,,*,,* *,,,#......#.....**,,,*,
,,*,,* *,,,#......#....,*,,,,*,
,,*,,* *,,,#...T..#...,,*,,,,*,
,,**** **,,#..@...#..#*,#***+**
,,,,*******,,##....##..##.###,,,,
,,,,+,,*,,,,,,#....#...<....#,,,,
,,,,*,,+,,,,,,#....#........#,,,,
,,,,**********#....#'########,,,,
**,,,,,,,*,,,*####....#***,,,,*+*
,*,,,,,,,*,,,,,,,#.)..#,,*,,,,*,,
,*,,,,,,,*,,,,,,,+....#,,+,,,,*,,
,*,,,,,,,*,,,,,,,#....#,,*,,,,*,,


You could see a troll.

Action                   |  1- 3 |  4- 6 |  7- 9 | 10-12 || total
-------------------------+-------+-------+-------+-------++-------
Melee: War axe           |   115 |   168 |     3 |       ||   286
       Battleaxe         |       |       |   394 |   368 ||   762
       Hand axe          |       |       |       |     3 ||     3
  Use: Scroll            |       |       |     9 |     9 ||    18
  Eat: Chunk             |     5 |    24 |    50 |    46 ||   125

Notes
Turn   | Place    | Note
--------------------------------------------------------------
     0 | D:1      | Duffy the Ghoul Fighter began the quest for the Orb.
     0 | D:1      | Reached XP level 1. HP: 19/19 MP: 0/0
    46 | D:1      | Reached skill level 2 in Axes
   197 | D:1      | Reached XP level 2. HP: 26/26 MP: 1/1
   614 | D:2      | Reached skill level 3 in Axes
   614 | D:2      | Reached XP level 3. HP: 31/31 MP: 2/2
   773 | D:2      | Found a glowing silver altar of Zin.
  1123 | D:2      | Reached XP level 4. HP: 30/38 MP: 3/3
  1204 | D:2      | Reached skill level 4 in Axes
  1652 | D:3      | Noticed Chiseanne's ghost (amateur DsWn)
  1665 | D:3      | Killed Chiseanne's ghost
  1665 | D:3      | Reached skill level 5 in Axes
  1665 | D:3      | Reached XP level 5. HP: 37/45 MP: 4/4
  2700 | D:4      | Found a sparkling altar of Nemelex Xobeh.
  2701 | D:4      | Found a sacrificial altar of Ru.
  2705 | D:4      | Reached XP level 6. HP: 48/51 MP: 5/5
  2706 | D:4      | Found an opulent altar of Gozag.
  2795 | D:4      | Reached skill level 6 in Axes
  3267 | D:4      | Reached XP level 7. HP: 52/57 MP: 6/6
  3359 | D:4      | Found a shadowy altar of Dithmenos.
  3541 | D:4      | Reached skill level 7 in Axes
  3818 | D:5      | Entered Level 5 of the Dungeon
  3822 | D:5      | Got a brightly glowing copper ring
  3824 | D:5      | Identified the ring of Xul Kiux {Wiz Stlth+} (You found it on level 5 of the Dungeon)
  4630 | D:5      | Reached skill level 8 in Axes
  4664 | D:5      | Reached XP level 8. HP: 37/63 MP: 7/7
  5013 | D:6      | Found a staircase to the Ecumenical Temple.
  5059 | Temple   | Entered the Ecumenical Temple
  5063 | Temple   | Became a worshipper of Cheibriados the Contemplative
  5096 | D:6      | Reached skill level 3 in Armour
  5117 | D:6      | Reached skill level 9 in Axes
  5190 | D:6      | Noticed Voda's ghost (novice FoFi)
  5865 | D:6      | Killed Voda's ghost
  5865 | D:6      | Reached skill level 4 in Armour
  5865 | D:6      | Reached XP level 9. HP: 35/70 MP: 8/8
  6047 | D:6      | Noticed Blork the orc
  6062 | D:6      | Noticed Sigmund
  6067 | D:7      | Killed Sigmund
  6067 | D:7      | Reached skill level 5 in Armour
  6257 | D:6      | Reached * piety under Cheibriados
  6525 | D:6      | Killed Blork the orc
  6525 | D:6      | Reached skill level 10 in Axes
  6798 | D:7      | Found a shattered altar of Ashenzari.
  7195 | D:7      | Reached skill level 6 in Armour
  7244 | D:6      | Noticed Eustachio
  7278 | D:6      | Killed Eustachio
  7540 | D:6      | Reached ** piety under Cheibriados
  7636 | D:6      | Reached skill level 1 in Dodging
  7642 | D:6      | Reached skill level 4 in Fighting
  7687 | D:6      | Noticed Grinder
  7711 | D:6      | Killed Grinder
  7733 | D:6      | Reached skill level 2 in Dodging
  7755 | D:6      | Reached XP level 10. HP: 78/80 MP: 9/9
  7912 | D:6      | Noticed Pikel
  7938 | D:6      | Killed Pikel
  8608 | D:8      | Reached skill level 5 in Fighting
  8608 | D:8      | Reached skill level 11 in Axes
  8684 | D:8      | Found a shimmering altar of Xom.
  8701 | D:8      | Reached *** piety under Cheibriados
  8704 | D:8      | Reached skill level 3 in Dodging
  8751 | D:8      | Reached skill level 7 in Armour
  9275 | D:8      | Noticed a two-headed hydra
  9279 | D:8      | Killed a one-headed hydra
  9284 | D:8      | Reached skill level 6 in Fighting
  9325 | D:8      | Reached **** piety under Cheibriados
  9451 | D:9      | Found a staircase to the Lair.
  9673 | D:9      | Reached skill level 4 in Dodging
  9762 | D:9      | Reached XP level 11. HP: 87/89 MP: 10/10
  9855 | D:9      | Reached skill level 1 in Invocations
  9856 | D:9      | Reached ***** piety under Cheibriados
  9943 | D:9      | Noticed an unseen horror
  9954 | D:9      | Killed an unseen horror
  9954 | D:9      | Reached skill level 2 in Invocations
 10087 | D:9      | Reached skill level 12 in Axes
 10189 | D:9      | Found a basalt altar of Yredelemnul.
 10232 | D:9      | Found a glowing golden altar of the Shining One.
 10243 | D:9      | Noticed a profane servitor
 10305 | D:9      | Noticed an angel
 10349 | D:9      | Reached skill level 3 in Invocations
 10462 | D:10     | Entered Level 10 of the Dungeon
 10465 | D:10     | Noticed a hill giant
 10469 | D:10     | Killed a hill giant
 10551 | D:10     | Noticed an unseen horror
 10554 | D:10     | Killed an unseen horror
 10554 | D:10     | Reached skill level 4 in Invocations
 10603 | D:10     | Found Zyfulul's General Store.
 10624 | D:10     | Bought a scroll of identify for 32 gold pieces
 10624 | D:10     | Bought a potion of poison for 16 gold pieces
 10751 | D:10     | Reached skill level 5 in Invocations
 11388 | D:11     | Slain by a troll

Vault maps used:
D:1:      grunt_arrival_crossed_arrows
D:2:      nicolae_overflow_crystal_walls, first_bread
D:3:      grunt_decor_arrowhead
D:4:      grunt_temple_overflow_open, grunt_dithmenos_shadows
D:5:      roderic_roman_lattice
D:6:      hangedman_cross_stitches, temple_doors_e, nrook_uturn,
          uniq_blork_the_orc, uniq_eustachio, uniq_pikel, uniq_grinder,
          uniq_sigmund
D:7:      ashenzari_altar_1
D:8:      hangedman_ranch, hangedman_abyss_or_decor_stabs, minivault_22,
          xom_teletrap_fun
D:9:      minmay_weird_star, grunt_temple_overflow_holy_war, dpeg_oklobed_lair
D:10:     serial_shops, shop, fountainhead, nicolae_sextant, amethyst_killhole
D:11:     minmay_orc_entry_guard_dogs, portal_ice_cave_entry_ice_beasts,
          bloody_makhleb
Temple:   minmay_freezing_vapour_temple_12

Vanquished Creatures
  A hydra Pikel
  A hill giant
  2 unseen horrors
  The ghost of Voda the Shield-Bearer, a novice FoFi of Okawaru Grinder Sigmund
  A wraith
  2 yaks
  5 hungry ghosts Eustachio
  A wyvern
  2 hippogriffs
  A water moccasin
  3 sky beasts
  3 orc warriors
  4 ogres
  A wasp
  4 ice beasts
  A necrophage
  The ghost of Chiseanne the Magician, an amateur DsWn
  A phantom
  3 centaurs
  3 big kobolds
  A crocodile Blork the orc
  8 giant frogs
  A wyvern skeleton
  2 scorpions
  An electric eel
  2 crimson imps
  2 giant frog zombies
  4 centaur zombies
  11 orc wizards
  2 centaur skeletons
  2 gnoll shamans
  4 orc priests
  7 hounds
  4 iguanas
  3 jellies
  5 worker ants
  A killer bee zombie
  2 sheep
  A worker ant zombie
  10 gnolls
  11 adders
  2 shadow imps
  3 adder zombies
  An ooze
  An adder skeleton
  4 worms
  8 giant geckos
  30 orcs
  3 ball pythons
  10 bats
  6 giant cockroaches
  10 hobgoblins
  16 jackals
  3 quokkas
  A ball python zombie
  6 giant newts
  6 goblins
  A jackal zombie
  2 kobolds
  10 rats
  2 fungi
  A plant
256 creatures vanquished.
